HSSL
TEMISKAMING DISTRICT SECONDARY SCHOOL SAINTS @ OTSEGO HS BULLDOGS
04/25/2029
 
TOP OF THE 1ST
Temiskaming District Secondary School Saints batting - Pitching for Otsego HS Bulldogs : RHP Dan Watkins
Pitching: RHP Dan Watkins
Batting: RHB José Icaza 0-0: Foul Ball, location: 2F
0-1: Called Strike
0-2: Ball
1-2: Foul Ball, location: 2F
1-2: Ball
2-2: Ball
3-2: Base on Balls
Batting: LHB Juan Esparza 0-0: Ball
1-0: Foul Ball, location: 2F
1-1: Ball
2-1: Ball
3-1: Base on Balls
José Icaza to second
Batting: LHB Leonardo Torres 0-0: Ball
1-0: Foul Ball, location: 2F
1-1: Ball
2-1: Ball
3-1: Grounds into double play, 4-6-3 (Groundball, 4)
José Icaza to third
Batting: RHB Ramón Cabrera 0-0: Ball
1-0: Foul Ball, location: 2F
1-1: Foul Ball, location: 2F
1-2: Strikes out swinging
Top of the 1st over - 0 runs, 0 hits, 0 errors, 1 left on base; Temiskaming District Secondary School 0 - Otsego HS 0
BOTTOM OF THE 1ST
Otsego HS Bulldogs batting - Pitching for Temiskaming District Secondary School Saints : RHP Brad Tatum
Pitching: RHP Brad Tatum
Batting: RHB Robbie Barnes 0-0: Ground out 4-3 (Groundball, 4S)
Batting: RHB Jack Díaz 0-0: Swinging Strike
0-1: Ball
1-1: Ground out 4-3 (Groundball, 4)
Batting: RHB Ray Martin 0-0: Swinging Strike
0-1: Swinging Strike
0-2: Foul Ball, location: 2F
0-2: Foul Ball, location: 2F
0-2: Ball
1-2: Foul Ball, location: 2F
1-2: Strikes out swinging
Bottom of the 1st over - 0 runs, 0 hits, 0 errors, 0 left on base; Temiskaming District Secondary School 0 - Otsego HS 0
TOP OF THE 2ND
Temiskaming District Secondary School Saints batting - Pitching for Otsego HS Bulldogs : RHP Dan Watkins
Batting: RHB Louis-Joseph Perrier 0-0: Ball
1-0: Foul Ball, location: 2F
1-1: Fly out, F8 (Flyball, 8LD)
Batting: RHB Jorge Manuel 0-0: Ball
1-0: Called Strike
1-1: Ball
2-1: Fly out, F9 (Flyball, 9S)
Batting: RHB Scott Roberts 0-0: Called Strike
0-1: Foul Ball, location: 2F
0-2: SOLO HOME RUN (Flyball, 7LD), Distance : 361 ft
Batting: RHB Emílio Gómez 0-0: Swinging Strike
0-1: Foul Ball, location: 2F
0-2: Strikes out swinging
Top of the 2nd over - 1 run, 1 hit, 0 errors, 0 left on base; Temiskaming District Secondary School 1 - Otsego HS 0
BOTTOM OF THE 2ND
Otsego HS Bulldogs batting - Pitching for Temiskaming District Secondary School Saints : RHP Brad Tatum
Batting: SHB Keith Novak 0-0: Called Strike
0-1: Ball
1-1: Ball
2-1: Ground out 4-3 (Groundball, 4)
Batting: RHB Jesse Wood 0-0: Foul Ball, location: 2F
0-1: Ball
1-1: Ball
2-1: SINGLE (Line Drive, 8LS)
Batting: RHB Armando Gonzáles 0-0: Foul Ball, location: 2F
0-1: Ball
1-1: Foul Ball, location: 2F
1-2: SINGLE (Line Drive, 56D)
Jesse Wood to second
Batting: RHB Pedro Estrada 0-0: Ball
1-0: Called Strike
1-1: Called Strike
1-2: Strikes out swinging
Batting: RHB Dan Miller 0-0: Foul Ball, location: 2F
0-1: Ball
1-1: Called Strike
1-2: Foul Ball, location: 2F
1-2: Ball
2-2: Ball
3-2: Base on Balls
Jesse Wood to third
Armando Gonzáles to second
Batting: RHB Curt Pierson 0-0: Ball
1-0: SINGLE (Groundball, 5D)
Jesse Wood scores
Armando Gonzáles to third
Dan Miller to second
Runner from 3rd tries for Home, SAFE, throw made home
Batting: RHB Robbie Barnes 0-0: Foul Ball, location: 2F
0-1: Called Strike
0-2: Ball
1-2: Foul Ball, location: 2F
1-2: Ground out 1-3 (Groundball, 13)
Bottom of the 2nd over - 2 runs, 3 hits, 0 errors, 2 left on base; Temiskaming District Secondary School 1 - Otsego HS 2
TOP OF THE 3RD
Temiskaming District Secondary School Saints batting - Pitching for Otsego HS Bulldogs : RHP Dan Watkins
Batting: RHB Glenn Hansen 0-0: Ball
1-0: Ball
2-0: SOLO HOME RUN (Flyball, 7D), Distance : 410 ft
Batting: RHB José Icaza 0-0: Called Strike
0-1: Ball
1-1: Foul Ball, location: 2F
1-2: Ball
2-2: Foul Ball, location: 2F
2-2: Foul Ball, location: 2F
2-2: Ball
3-2: Ground out 6-3 (Groundball, 6)
Batting: LHB Juan Esparza 0-0: Fly out, F8 (Flyball, 8RD)
Batting: LHB Leonardo Torres 0-0: Called Strike
0-1: Ball
1-1: Ball
2-1: Ball
3-1: Called Strike
3-2: SINGLE (Groundball, 6D)
Batting: RHB Ramón Cabrera 0-0: Swinging Strike
0-1: Fly out, F4 (Popup, 4S)
Top of the 3rd over - 1 run, 2 hits, 0 errors, 1 left on base; Temiskaming District Secondary School 2 - Otsego HS 2
BOTTOM OF THE 3RD
Otsego HS Bulldogs batting - Pitching for Temiskaming District Secondary School Saints : RHP Brad Tatum
Batting: RHB Jack Díaz 0-0: Swinging Strike
0-1: SOLO HOME RUN (Flyball, 8LXD), Distance : 440 ft
Batting: RHB Ray Martin 0-0: Foul Ball, location: 2F
0-1: Ball
1-1: Ball
2-1: Swinging Strike
2-2: Ball
3-2: Foul Ball, location: 2F
3-2: Fly out, F4 (Popup, 34D)
Batting: SHB Keith Novak 0-0: Ball
1-0: Ball
2-0: Foul Ball, location: 2F
2-1: Fly out, F7 (Flyball, 78S)
Batting: RHB Jesse Wood 0-0: Ball
1-0: Swinging Strike
1-1: Ground out U3 (Groundball, 3)
Bottom of the 3rd over - 1 run, 1 hit, 0 errors, 0 left on base; Temiskaming District Secondary School 2 - Otsego HS 3
TOP OF THE 4TH
Temiskaming District Secondary School Saints batting - Pitching for Otsego HS Bulldogs : RHP Dan Watkins
Batting: RHB Louis-Joseph Perrier 0-0: Ball
1-0: Called Strike
1-1: Called Strike
1-2: Foul Ball, location: 2F
1-2: Ball
2-2: Ball
3-2: Foul Ball, location: 2F
3-2: Strikes out looking
Batting: RHB Jorge Manuel 0-0: Ball
1-0: Ball
2-0: Foul Ball, location: 2F
2-1: Ground out 3-1 (Groundball, 34)
Batting: RHB Scott Roberts 0-0: Called Strike
0-1: Called Strike
0-2: Ball
1-2: Ball
2-2: Strikes out swinging
Top of the 4th over - 0 runs, 0 hits, 0 errors, 0 left on base; Temiskaming District Secondary School 2 - Otsego HS 3
BOTTOM OF THE 4TH
Otsego HS Bulldogs batting - Pitching for Temiskaming District Secondary School Saints : RHP Brad Tatum
Batting: RHB Armando Gonzáles 0-0: Bunt for hit - play at first, batter OUT! 1-3
Batting: RHB Pedro Estrada 0-0: Called Strike
0-1: Ball
1-1: Foul Ball, location: 2F
1-2: Ball
2-2: Strikes out swinging
Batting: RHB Dan Miller 0-0: Swinging Strike
0-1: Ball
1-1: Ball
2-1: Called Strike
2-2: Foul Ball, location: 2F
2-2: Ball
3-2: Strikes out looking
Bottom of the 4th over - 0 runs, 0 hits, 0 errors, 0 left on base; Temiskaming District Secondary School 2 - Otsego HS 3
TOP OF THE 5TH
Temiskaming District Secondary School Saints batting - Pitching for Otsego HS Bulldogs : RHP Dan Watkins
Batting: RHB Emílio Gómez 0-0: Hit by Pitch
Batting: RHB Glenn Hansen 0-0: Foul Ball, location: 2F
0-1: Ball
1-1: Ball
2-1: Swinging Strike
2-2: Fly out, F8 (Flyball, 8RD)
Batting: RHB José Icaza 0-0: Ball
1-0: Ball
2-0: Ball
3-0: Called Strike
3-1: Base on Balls
Emílio Gómez to second
Pitching: RHP Gordon Long
Batting: LHB Juan Esparza 0-0: Called Strike
0-1: Ball
1-1: Ball
2-1: Swinging Strike
2-2: Fly out, F9 (Flyball, 9S)
Batting: LHB Leonardo Torres 0-0: Ball
1-0: Ball
2-0: Ball
3-0: Base on Balls
Emílio Gómez to third
José Icaza to second
Batting: RHB Ramón Cabrera 0-0: Called Strike
0-1: Ball
1-1: Ball
2-1: Called Strike
2-2: Strikes out swinging
Top of the 5th over - 0 runs, 0 hits, 0 errors, 3 left on base; Temiskaming District Secondary School 2 - Otsego HS 3
BOTTOM OF THE 5TH
Otsego HS Bulldogs batting - Pitching for Temiskaming District Secondary School Saints : RHP Brad Tatum
Batting: RHB Curt Pierson 0-0: SINGLE (Groundball, 56D)
Batting: RHB Robbie Barnes 0-0: Foul Ball, location: 2F
0-1: Ball
1-1: Ball
2-1: Fly out, F5 (Line Drive, 5)
Batting: RHB Jack Díaz 0-0: Called Strike
0-1: Ball
1-1: Ball
Error on foul ball, E5
2-2: Ball
3-2: DOUBLE (Line Drive, 7LM)
Curt Pierson to third
Curt Pierson scores
Batting: RHB Ray Martin 0-0: Called Strike
0-1: Called Strike
0-2: DOUBLE (Line Drive, 8RD)
Jack Díaz scores
Batting: SHB Keith Novak 0-0: Ball
1-0: Swinging Strike
1-1: Ball
2-1: Ball
3-1: Foul Ball, location: 2F
3-2: Ground out 4-3 (Groundball, 4M)
Ray Martin to third
Batting: RHB Jesse Wood 0-0: Ball
1-0: Swinging Strike
1-1: Ball
2-1: Fly out, F7 (Line Drive, 78S)
Bottom of the 5th over - 2 runs, 3 hits, 1 error, 1 left on base; Temiskaming District Secondary School 2 - Otsego HS 5
TOP OF THE 6TH
Temiskaming District Secondary School Saints batting - Pitching for Otsego HS Bulldogs : RHP Gordon Long
Batting: RHB Louis-Joseph Perrier 0-0: Foul Ball, location: 2F
0-1: Ball
1-1: Ball
2-1: Foul Ball, location: 2F
2-2: Ball
3-2: Foul Ball, location: 2F
3-2: Ground out 6-3 (Groundball, 6)
Batting: RHB Jorge Manuel 0-0: Called Strike
0-1: Ground out 4-3 (Groundball, 4)
Batting: RHB Scott Roberts 0-0: Ball
1-0: Ground out 5-3 (Groundball, 56)
Top of the 6th over - 0 runs, 0 hits, 0 errors, 0 left on base; Temiskaming District Secondary School 2 - Otsego HS 5
BOTTOM OF THE 6TH
Otsego HS Bulldogs batting - Pitching for Temiskaming District Secondary School Saints : RHP Brad Tatum
Batting: RHB Armando Gonzáles 0-0: Ball
1-0: Ball
2-0: Ball
3-0: Base on Balls
Batting: RHB Pedro Estrada 0-0: 2-RUN HOME RUN (Flyball, 7LD), Distance : 368 ft
Batting: RHB Dan Miller 0-0: Ground out 5-3 (Groundball, 56S)
Batting: RHB Curt Pierson 0-0: Called Strike
0-1: Swinging Strike
0-2: Foul Ball, location: 2F
0-2: Foul Ball, location: 2F
0-2: Foul Ball, location: 2F
0-2: Ball
1-2: Reached on error, E5 (Groundball, 56S)
Batting: RHB Robbie Barnes 0-0: Ball
1-0: Swinging Strike
1-1: Ball
2-1: Called Strike
2-2: Ground out 5-3 (Groundball, 56S)
Curt Pierson to second
Batting: RHB Jack Díaz 0-0: Called Strike
0-1: Foul Ball, location: 2F
0-2: Ball
1-2: Foul Ball, location: 2F
1-2: Strikes out swinging, 2-3 out at first.
Bottom of the 6th over - 2 runs, 1 hit, 1 error, 1 left on base; Temiskaming District Secondary School 2 - Otsego HS 7
TOP OF THE 7TH
Temiskaming District Secondary School Saints batting - Pitching for Otsego HS Bulldogs : RHP Gordon Long
Batting: RHB Emílio Gómez 0-0: Ball
1-0: Ball
2-0: Ball
3-0: Called Strike
3-1: Called Strike
3-2: Fly out, F7 (Flyball, 7)
Batting: RHB Glenn Hansen 0-0: Ball
1-0: SINGLE (Groundball, 6MD)
Batting: RHB José Icaza 0-0: Called Strike
0-1: Ball
1-1: Ball
2-1: Ball
3-1: Base on Balls
Glenn Hansen to second
Batting: LHB Juan Esparza 0-0: Ball
1-0: Foul Ball, location: 2F
1-1: Swinging Strike
1-2: Strikes out swinging
Batting: LHB Leonardo Torres 0-0: Foul Ball, location: 2F
0-1: Ball
1-1: Fly out, F4 (Popup, 3D)
Top of the 7th over - 0 runs, 1 hit, 0 errors, 2 left on base; Temiskaming District Secondary School 2 - Otsego HS 7
BOTTOM OF THE 7TH
Otsego HS Bulldogs batting - Pitching for Temiskaming District Secondary School Saints : RHP Brad Tatum
Batting: RHB Ray Martin 0-0: Called Strike
0-1: Ball
1-1: Ball
2-1: Ground out U3 (Groundball, 3)
Batting: SHB Keith Novak 0-0: Ball
1-0: Ground out 4-3 (Groundball, 4)
Batting: RHB Jesse Wood 0-0: Ball
1-0: Ball
2-0: Swinging Strike
2-1: Ball
3-1: Base on Balls
Batting: RHB Armando Gonzáles 0-0: Called Strike
0-1: Called Strike
0-2: Ball
1-2: Ground out U3 (Groundball, 34)
Bottom of the 7th over - 0 runs, 0 hits, 0 errors, 1 left on base; Temiskaming District Secondary School 2 - Otsego HS 7
TOP OF THE 8TH
Temiskaming District Secondary School Saints batting - Pitching for Otsego HS Bulldogs : RHP Gordon Long
Batting: RHB Ramón Cabrera 0-0: Ball
1-0: Swinging Strike
1-1: SINGLE (Line Drive, 89S)
Pitching: RHP Daniel Norton
Batting: RHB Louis-Joseph Perrier 0-0: Foul Ball, location: 2F
0-1: Fly out, F4 (Popup, 4S)
Batting: RHB Jorge Manuel 0-0: Foul Ball, location: 2F
0-1: Ball
1-1: Foul Ball, location: 2F
1-2: Foul Ball, location: 2F
1-2: SINGLE (Groundball, 56D)
Ramón Cabrera to second
Batting: RHB Scott Roberts 0-0: Swinging Strike
0-1: Swinging Strike
0-2: Ball
1-2: Strikes out looking
Batting: RHB Emílio Gómez 0-0: Ball
1-0: Ball
2-0: SINGLE (Groundball, 4D)
Ramón Cabrera to third
Jorge Manuel to second
Runner from 3rd tries for Home, SAFE, throw made home
Batting: RHB Glenn Hansen 0-0: Ball
1-0: Called Strike
1-1: Swinging Strike
1-2: Foul Ball, location: 2F
1-2: Ball
2-2: Strikes out swinging
Top of the 8th over - 1 run, 3 hits, 0 errors, 2 left on base; Temiskaming District Secondary School 3 - Otsego HS 7
BOTTOM OF THE 8TH
Otsego HS Bulldogs batting - Pitching for Temiskaming District Secondary School Saints : RHP Brad Tatum
Batting: RHB Pedro Estrada 0-0: Ball
1-0: Called Strike
1-1: Foul Ball, location: 2F
1-2: Ball
2-2: Ground out 4-3 (Groundball, 4M)
Batting: RHB Dan Miller 0-0: Called Strike
0-1: Fly out, F9 (Flyball, 9LMF)
Batting: RHB Curt Pierson 0-0: DOUBLE (Line Drive, 7LM)
Batting: RHB Robbie Barnes 0-0: Foul Ball, location: 2F
0-1: SINGLE (Line Drive, 7S)
Curt Pierson to third
Batting: RHB Jack Díaz 0-0: Ball
1-0: Foul Ball, location: 2F
1-1: Ball
2-1: Ball
3-1: Called Strike
3-2: SINGLE (Line Drive, 7S)
Curt Pierson scores
Robbie Barnes to second
Robbie Barnes to third
Pitching: LHP Guillermo Silva
Batting: RHB Ray Martin 0-0: SINGLE (Line Drive, 89S)
Robbie Barnes scores
Jack Díaz to second
Batting: SHB Keith Novak 0-0: Called Strike
0-1: Ball
1-1: Foul Ball, location: 2F
1-2: Ground out U3 (Groundball, 3L)
Bottom of the 8th over - 2 runs, 4 hits, 0 errors, 2 left on base; Temiskaming District Secondary School 3 - Otsego HS 9
TOP OF THE 9TH
Temiskaming District Secondary School Saints batting - Pitching for Otsego HS Bulldogs : RHP Daniel Norton
Batting: RHB José Icaza 0-0: Foul Ball, location: 2F
0-1: Ball
1-1: Ball
2-1: DOUBLE (Flyball, 9LD)
Batting: LHB Juan Esparza 0-0: Called Strike
0-1: Ball
1-1: Called Strike
1-2: Ball
2-2: Ball
3-2: Foul Ball, location: 2F
3-2: SINGLE (Groundball, 4MD)
José Icaza to third
Batting: LHB Leonardo Torres 0-0: Ball
1-0: Ball
2-0: Called Strike
2-1: Grounds into double play, 4-6-3 (Groundball, 4)
José Icaza scores
Batting: RHB Ramón Cabrera 0-0: Called Strike
0-1: Ball
1-1: Ball
2-1: Ball
3-1: Base on Balls
Batting: RHB Louis-Joseph Perrier 0-0: Called Strike
0-1: DOUBLE (Groundball, 5L)
Ramón Cabrera to third
Batting: RHB Jorge Manuel 0-0: Ball
1-0: Ball
2-0: Foul Ball, location: 2F
2-1: Ball
3-1: Base on Balls
Pitching: RHP Ed Cravens
Batting: RHB Scott Roberts 0-0: DOUBLE (Flyball, 78D)
Ramón Cabrera scores
Louis-Joseph Perrier scores
Jorge Manuel to third
Batting: RHB Emílio Gómez 0-0: Swinging Strike
0-1: Called Strike
0-2: Ball
1-2: Strikes out swinging
Top of the 9th over - 3 runs, 4 hits, 0 errors, 2 left on base; Temiskaming District Secondary School 6 - Otsego HS 9
Saturday, December 16th, 2017 - OOTP Baseball 18.8 Build 76